 Dungeon Crawl Stone Soup version 0.24-a0-123-ga2403f3 (console) character file.

Game seed: 1926911449555100035

1198 Duffy the Cleaver (level 8, -3/67 HPs)
             Began as a Naga Gladiator on Feb 22, 2019.
             Was an Initiate of Makhleb.
             Killed from afar by Maurice (6 damage)
             ... with a wand of acid (5)
             ... on level 8 of the Dungeon.
             The game lasted 00:04:54 (6360 turns).

Duffy the Cleaver (Naga Gladiator)                  Turns: 6360, Time: 00:04:55

Health: -3/67      AC:  0    Str: 16    XL:     8   Next: 44%
Magic:  8/8        EV:  8    Int: 11    God:    Makhleb [......]
Gold:   377        SH:  0    Dex: 13    Spells: 7/7 levels left

rFire    . . .     SeeInvis +   a - +0 war axe
rCold    . . .     Gourm    .   (no shield)
rNeg     . . .     Faith    .   x - +0 scale mail
rPois    +         Spirit   .   t - +2 hat
rElec    .         Reflect  .   (no cloak)
rCorr    .         Harm     .   l - +0 pair of gloves
MR       +....                  (no barding)
Stlth    ..........             (no amulet)
HPRegen  0.21/turn              (no ring)
MPRegen  0.11/turn              (no ring)

@: corroded, very slow
A: large, see invisible, deformed body, poison resistance, slowness 2, slow
metabolism 1, spit poison 1, AC +2
a: Spit Poison, Renounce Religion


You were on level 8 of the Dungeon.
You worshipped Makhleb.
Makhleb was noncommittal.
You were not hungry.

You visited 1 branch of the dungeon, and saw 6 of its levels.

You collected 377 gold pieces.

Inventory:

Hand Weapons
 a - a +0 war axe (weapon)
Missiles
 d - a throwing net (quivered)
 g - 7 javelins
Armour
 c - a +0 helmet
 l - a +0 pair of gloves (worn)
 n - a +0 plate armour
 t - a +2 hat (worn)
 u - a +0 ring mail
 x - a +0 scale mail (worn)
Magical Staves
 p - an uncursed staff of air {!a}
Wands
 w - a wand of random effects (14)
 B - a wand of iceblast (5)
Scrolls
 b - 2 scrolls of enchant armour {unknown}
 h - a scroll of fear {unknown}
 i - 3 scrolls of remove curse {unknown}
 m - 2 scrolls of amnesia {unknown}
 o - a scroll of immolation {unknown}
 q - 3 scrolls of identify {unknown}
 s - a scroll of enchant weapon {unknown}
 y - a scroll of fog {unknown}
 z - 2 scrolls of magic mapping {unknown}
 D - a scroll of acquirement {unknown}
Potions
 e - a potion of flight {unknown}
 j - 3 potions of curing {unknown}
 k - a potion of ambrosia {unknown}
 r - 2 potions of might {unknown}
 v - a potion of berserk rage {unknown}
 A - a potion of invisibility {unknown}
Comestibles
 f - 12 rations
 C - 5 chunks of flesh


   Skills:
 - Level 2.0 Fighting
 + Level 10.2 Axes
 - Level 1.7 Throwing
 - Level 2.4 Dodging


You had 7 spell levels left.
You didn't know any spells.
Your spell library was empty.

Dungeon Overview and Level Annotations

Branches:
Dungeon (5/15)
 Temple: D:4-7

Altars:
Cheibriados
Gozag
Makhleb
Qazlal
Sif Muna
The Shining One
Jiyva

Annotations:
D:8 Maurice


Innate Abilities, Weirdness & Mutations

You cannot wear boots.
Your serpentine skin is tough. (AC +2)
You have supernaturally acute eyesight. (SInv)
Armour fits poorly on your strangely shaped body.
Your system is resistant to poisons. (rPois)
You cover ground very slowly.
You have a slow metabolism.
You can spit poison.


Message History

You are too injured to fight recklessly!
You are too injured to fight recklessly!
You are too injured to fight recklessly!
You are too injured to fight recklessly!
Maurice mumbles some strange words.
Maurice puts on a burst of speed!
Okay, then.
Throwing (i - inventory. (/) - cycle)
d - 2 throwing nets (quivered)
Press: ? - help, Shift-Dir - straight line, f - Maurice
Aim: Maurice, wielding a +0 short sword, wearing a +0 cloak and carrying a wand of acid (5) (slightly transparent, covering ground quickly)
You throw a throwing net. The throwing net hits Maurice.
Maurice is caught in the net!
Maurice struggles against the net.
You hit Maurice but do no damage.
Maurice shouts, "HAHA!"
Maurice struggles against the net.
You hit Maurice.
Maurice is lightly wounded.
Maurice struggles against the net.
Maurice zaps a wand.
The bolt of acid hits you.
You die...

#.......# #.......#
#.......+ #.......##
#........# #........#
#........# #....@@..#
########
.....>....########.......
..#####+##...............
+......#...##.##.......
#......#..##...##......
#......#.##.....##.....
#......#.#.......#.....
#......#....._.......##
##....).###.......#...#


You could see Maurice (caught).

Vanquished Creatures
  2 phantoms (D:4)
  2 ogres
  3 centaurs
  3 scorpions (D:4)
  A howler monkey (D:4)
  A jelly (D:5)
  A bullfrog zombie (D:5)
  A hound (D:3)
  2 orc priests
  Terence (D:3)
  An iguana (D:4)
  3 worker ants
  6 adders (D:2)
  An ooze (D:3)
  6 worms
  2 leopard geckos
  11 orcs
  4 bats
  3 giant cockroaches
  9 goblins
  11 hobgoblins
  11 jackals
  9 kobolds
  2 quokkas
  A ball python (D:4)
  2 frilled lizards (D:5)
  5 rats
104 creatures vanquished.

Notes
Turn   | Place    | Note
-------+----------+-------------------------------------------
     0 | D:1      | Duffy the Naga Gladiator began the quest for the Orb.
     0 | D:1      | Reached XP level 1. HP: 19/19 MP: 1/1
    51 | D:1      | Reached XP level 2. HP: 13/26 MP: 2/2
   242 | D:1      | Found a viscous altar of Jiyva.
   480 | D:1      | Reached skill level 4 in Axes
   520 | D:1      | Reached XP level 3. HP: 31/32 MP: 3/3
  1607 | D:2      | Reached XP level 4. HP: 38/39 MP: 4/4
  1609 | D:2      | Found an opulent altar of Gozag.
  1844 | D:2      | Reached skill level 5 in Axes
  2035 | D:2      | Noticed an ogre
  2050 | D:2      | Killed an ogre
  2050 | D:2      | Reached skill level 6 in Axes
  2050 | D:2      | Reached XP level 5. HP: 22/45 MP: 5/5
  2740 | D:3      | Reached XP level 6. HP: 50/52 MP: 6/6
  2989 | D:3      | Noticed Terence
  3005 | D:3      | Killed Terence
  3116 | D:3      | Found a burning altar of Makhleb.
  3116 | D:3      | Noticed a green death
  3191 | D:3      | Noticed a smoke demon
  3191 | D:3      | Noticed a hellwing
  3193 | D:3      | Became a worshipper of Makhleb the Destroyer
  3285 | D:3      | Found a stormy altar of Qazlal.
  3559 | D:4      | Reached skill level 7 in Axes
  3709 | D:4      | Noticed a phantom
  3726 | D:4      | Found a snail-covered altar of Cheibriados.
  3735 | D:4      | Killed a phantom
  3875 | D:4      | Reached XP level 7. HP: 55/60 MP: 7/7
  3915 | D:4      | Reached skill level 8 in Axes
  4605 | D:4      | Reached skill level 9 in Axes
  5374 | D:5      | Entered Level 5 of the Dungeon
  5388 | D:5      | Reached XP level 8. HP: 56/67 MP: 8/8
  5534 | D:5      | Found a glowing golden altar of the Shining One.
  5860 | D:5      | Reached skill level 10 in Axes
  6231 | D:5      | You fall through a shaft for 3 floors!
  6306 | D:8      | Found a deep blue altar of Sif Muna.
  6353 | D:8      | Noticed Maurice
  6356 | D:8      | HP: 3/67 [acid (16)]
  6360 | D:8      | Killed from afar by Maurice

Levels and vault maps discovered:
D:1:      erik_arrival_cave_to_civilisation [erik_arrival_cave_to_temple],
          layout_basic
D:2:      layout_loops_ring, nicolae_gozag_seed_capital, chequers_jeans,
          minmay_liquid_box
D:3:      layout_basic, grunt_qazlal_clouds, chequers_decorated_corner,
          makhleb_altar_promises_db, uniq_terence
D:4:      layout_loops_corners, first_ration, lemuel_statue_altar
D:5:      layout_loops_ring, nicolae_tso_swordbearing_angel
D:8:      minmay_gate_of_8, layout_gridville, lemuel_round_altar,
          grunt_livestock, uniq_maurice

Skill      XL: |  1  2  3  4  5  6  7  8 |
---------------+-------------------------+-----
Axes           | 4 6 7 9 10 | 10.2
Fighting       | |  2.0
Throwing       | |  1.7
Dodging        | |  2.4

Action                   |  1- 3 |  4- 6 |  7- 9 || total
-------------------------+-------+-------+-------++-------
Melee: War axe           |    85 |   182 |   115 ||   382
Throw: Throwing net      |       |     1 |     1 ||     2
 Abil: Spit Poison       |     4 |     5 |     8 ||    17
 Stab: Sleeping          |     2 |       |       ||     2
  Eat: Chunk             |     1 |     7 |     7 ||    15
Armor: Leather armour    |    26 |    13 |       ||    39
       Plate armour      |       |   100 |       ||   100
       Ring mail         |       |    14 |    21 ||    35
       Scale mail        |       |       |    22 ||    22
Dodge: Dodged            |    76 |    51 |    44 ||   171

Table legend:
 A = Non-vault XP
 B = Vault XP
 C = Vault XP percentage of total XP
 D = Non-vault monster count
 E = Vault monster count
 F = Vault count percentage of total count
                 A         B        C        D         E       F
            +---------+---------+-------+---------+---------+-------
      Total |    1672 |      40 |   2.3 |     101 |       3 |   2.9
            +---------+---------+-------+---------+---------+-------
        D:1 |      44 |       4 |   8.3 |      23 |       2 |   8.0
        D:2 |     250 |       0 |   0.0 |      33 |       0 |   0.0
        D:3 |      76 |      36 |  32.1 |      12 |       1 |   7.7
        D:4 |     783 |       0 |   0.0 |      21 |       0 |   0.0
        D:5 |     407 |       0 |   0.0 |      11 |       0 |   0.0
        D:8 |     112 |       0 |   0.0 |       1 |       0 |   0.0
            +---------+---------+-------+---------+---------+-------
